 Dungeon Crawl Stone Soup version 0.22-a0-609-gfedc9ff77b (webtiles) character file.

345 Kholdaimon the Grave Robber (level 6, -11/47 HPs)
             Began as a Mummy Necromancer on July 10, 2018.
             Was an Initiate of Yredelemnul.
             Killed from afar by an orc wizard (13 damage)
             ... with a puff of flame
             ... on level 4 of the Dungeon.
             The game lasted 00:32:22 (3834 turns).

Kholdaimon the Grave Robber (Mummy Necromancer)     Turns: 3834, Time: 00:32:23

Health: -11/47     AC:  5    Str: 11    XL:     6   Next: 32%
Magic:  3/11       EV: 12    Int: 17    God:    Yredelemnul [......]
Gold:   124        SH:  0    Dex: 12    Spells: 3/12 levels left

rFire    x . .     SeeInvis .   m - +0 trident
rCold    + . .     Gourm    .   (no shield)
rNeg     + + +     Faith    .   n - +0 leather armour
rPois    ∞         Spirit   .   s - +0 helmet
rElec    .         Reflect  .   b - +0 cloak
rCorr    .         Harm     .   (no gloves)
MR       .....                  (no boots)
Stlth    +.........             (no amulet)
HPRegen  0.15/turn              (no ring)
MPRegen  0.12/turn              (no ring)

@: no status effects
A: no food or potions, fire vulnerability, cold resistance 1, negative energy
resistance 3, torment resistance, unbreathing
a: Renounce Religion


You were on level 4 of the Dungeon.
You worshipped Yredelemnul.
Yredelemnul was noncommittal.
You were not hungry.

You visited 1 branch of the dungeon, and saw 4 of its levels.

You collected 124 gold pieces.

Inventory:

Hand Weapons
 f - a cursed -2 dagger
 j - a +0 dagger of venom
 k - a +2 quarterstaff of draining
 m - a +0 trident (weapon)
 o - a +2 dagger of pain
 p - a +0 halberd
 y - the +6 spear "Doakhede" {pierce, +Fly rElec rPois, unknown}
   (You found it on level 4 of the Dungeon)

   It inflicts extra damage upon your enemies.
   It insulates you from electricity.
   It protects you from poison.
   It lets you fly.
Missiles
 g - 141 stones (quivered)
 q - a throwing net
 w - 25 bolts
Armour
 a - a +0 robe
 b - a +0 cloak (worn)
 h - a +0 ring mail
 n - a +0 leather armour (worn)
 s - a +0 helmet (worn)
 u - a +0 chain mail
Jewellery
 c - a +4 ring of evasion {unknown}
Wands
 l - a wand of enslavement (11)
Scrolls
 d - 2 scrolls of identify {unknown}
 e - a scroll of fog {unknown}
 i - a scroll of teleportation {unknown}
 r - a scroll of magic mapping {unknown}
 t - a scroll of immolation {unknown}
 v - a scroll of amnesia {unknown}
 x - a scroll of blinking {unknown}


   Skills:
 - Level 3.0 Fighting
 - Level 3.0 Dodging
 - Level 1.5 Stealth
 + Level 3.9 Spellcasting
 * Level 5.6 Necromancy


You had 3 spell levels left.
You knew the following spells:

 Your Spells              Type           Power        Failure   Level  Hunger
a - Pain                  Necr           ###.         1%          1    N/A
b - Animate Skeleton      Necr           N/A          1%          1    N/A
c - Vampiric Draining     Necr           ###.......   6%          3    N/A
d - Animate Dead          Necr           N/A          21%         4    N/A

Your spell library contained the following spells:

 Spells                   Type           Power        Failure   Level  Hunger
 Regeneration             Chrm/Necr      ##........   21%         3    N/A

Dungeon Overview and Level Annotations

Branches:
Dungeon (4/15)
 Temple: D:4-7

Altars:
Ashenzari
Yredelemnul


Innate Abilities, Weirdness & Mutations

You do not eat or drink.
Your flesh is vulnerable to fire.
You are immune to poison.
Your flesh is cold resistant. (rC+)
You are immune to negative energy. (rN+++)
You are immune to unholy pain and torment.
You can survive without breathing.


Message History

The giant cockroach bites you but does no damage.
Casting: Pain (safe; 1% risk of failure)
Confirm with . or Enter, or press ? or * to list all spells.
Aiming: Pain (safe; 1% risk of failure)
Press: ? - help, Shift-Dir - straight line Nothing appears to happen.
Something hits you. The giant cockroach barely misses you.
You hear some strange, mumbled words.
A puff of flame appears from out of thin air!
The puff of flame hits you! The fire burns you terribly!
* * * LOW HITPOINT WARNING * * *
The giant cockroach bites you.
* * * LOW HITPOINT WARNING * * *
You closely miss the giant cockroach.
The giant cockroach is lightly wounded.
You hear some strange, mumbled words.
A puff of flame appears from out of thin air!
The puff of flame hits you! The fire burns you terribly!
You die...
Yredelemnul claims you as an undead slave.

# ##.# # ..# # ..# # ..# ### #.#
#.. #..Z..# ..#.# #.. #.....#
#.#s# #.. #.....# #.#@# #.. #
#.....## #.#.#{# ### . .......#
#.#.#o# #######. ###......#
#.#.#.# #....... #......# #
#.#.#.# #######.#####.
#.#<..<#.#.#..<#.###....##.#####.
.............o....[).........>##.
#........#.....#.###%...#########
##########.#.#.#.# #....#


You could see an orc and a giant cockroach.

Vanquished Creatures
  An orc priest (D:4)
  A hound (D:4)
  Robin (D:2)
  6 adders
  2 gnolls (D:2)
  5 oozes
  3 worms
  5 leopard geckos
  4 orcs (D:4)
  2 giant cockroaches
  11 goblins
  9 hobgoblins
  8 jackals
  A quokka (D:2)
  A ball python (D:2)
  6 bats
  3 frilled lizards
  8 kobolds
  7 rats
84 creatures vanquished.

Vanquished Creatures (collateral kills)
  An orc wizard (D:4)
  Natasha (twice) (D:3)
  2 gnolls (D:2)
  An adder (D:2)
  An ooze (D:3)
  A bat (D:2)
  A goblin (D:2)
  A hobgoblin (D:2)
  A kobold (D:2)
  2 rats (D:1)
13 creatures vanquished.

Grand Total: 97 creatures vanquished

Notes
Turn   | Place    | Note
-------+----------+-------------------------------------------
     0 | D:1      | Kholdaimon the Mummy Necromancer began the quest for the Orb.
     0 | D:1      | Reached XP level 1. HP: 13/13 MP: 4/4
     2 | D:1      | Learned a level 1 spell: Animate Skeleton
   340 | D:1      | Reached XP level 2. HP: 20/20 MP: 2/5
   503 | D:1      | Reached skill level 1 in Fighting
   785 | D:1      | Reached XP level 3. HP: 23/26 MP: 7/7
  1452 | D:2      | Noticed Robin
  1937 | D:2      | Reached XP level 4. HP: 27/33 MP: 8/8
  2018 | D:2      | Learned a level 3 spell: Vampiric Draining
  2023 | D:2      | Learned a level 4 spell: Animate Dead
  2245 | D:2      | Killed Robin
  2245 | D:2      | Reached XP level 5. HP: 23/39 MP: 1/9
  2555 | D:3      | Found a basalt altar of Yredelemnul.
  2582 | D:3      | Became a worshipper of Yredelemnul the Dark
  2871 | D:3      | Reached skill level 5 in Necromancy
  2943 | D:3      | Noticed Natasha
  2948 | D:3      | Killed Natasha
  2987 | D:3      | Noticed Natasha
  2998 | D:3      | Killed Natasha
  3572 | D:4      | Reached XP level 6. HP: 44/47 MP: 7/11
  3728 | D:4      | Found a shattered altar of Ashenzari.
  3785 | D:4      | Got an ancient spear
  3833 | D:4      | HP: 2/47 [giant cockroach (1)]
  3834 | D:4      | Killed from afar by an orc wizard

Vault maps used:
D:1:      mrwooster_arrival_statue_2
D:2:      minmay_heptomino_o4, uniq_robin
D:3:      corexii_hall_statues_l, yredelemnul_altar_generic, uniq_natasha
D:4:      evilmike_ruin_ashenzari, enter_ossuary_3

Skill      XL: |  1  2  3  4  5 |
---------------+----------------+-----
Spellcasting   | 3 |  3.9
Fighting       | 1 2 3 |  3.0
Dodging        | 2 3 |  3.0
Necromancy     | 5 |  5.6
Stealth        | |  1.5

Action                   |  1- 3 |  4- 6 || total
-------------------------+-------+-------++-------
Melee: Unarmed           |    33 |       ||    33
       Hand axe          |    33 |       ||    33
       Trident           |    46 |   103 ||   149
Throw: Stone             |     4 |     1 ||     5
 Cast: Pain              |    41 |    77 ||   118
       Animate Skeleton  |    14 |    25 ||    39
 Stab: Sleeping          |     5 |     2 ||     7
       Distracted        |     1 |       ||     1
Armor: Robe              |    28 |     4 ||    32
       Leather armour    |       |    32 ||    32
Dodge: Dodged            |    78 |    90 ||   168

Table legend:
 A = Spawn XP
 B = Non-spawn XP
 C = Spawn XP percentage of total XP
 D = Spawn monster count
 E = Non-spawn monster count
 F = Spawn count percentage of total count
 G = Total turns spent on level
                    A         B        C        D         E        F      G
               +---------+---------+-------+---------+---------+-------+---------
         Total |       0 |     494 |   0.0 |       0 |      97 |   0.0 |  3834
               +---------+---------+-------+---------+---------+-------+---------
           D:1 |       0 |      55 |   0.0 |       0 |      28 |   0.0 |  1467
           D:2 |       0 |     146 |   0.0 |       0 |      38 |   0.0 |  1060
           D:3 |       0 |     152 |   0.0 |       0 |      21 |   0.0 |   919
           D:4 |       0 |     141 |   0.0 |       0 |      10 |   0.0 |   388
               +---------+---------+-------+---------+---------+-------+---------
